 Dungeon Crawl Stone Soup version 0.28-a0-1387-g3a22ab9 (webtiles) character file.

Game seed: 3152366406748075490

37 Dorkslayer the Skirmisher (level 3, -2/26 HPs)
             Began as an Octopode Fighter on Jan 2, 2022.
             Slain by an orc (3 damage)
             ... on level 3 of the Dungeon.
             The game lasted 00:03:13 (1505 turns).

Dorkslayer the Skirmisher (Octopode Fighter)        Turns: 1505, Time: 00:03:14

Health: -2/26      AC:  1    Str: 17    XL:     3   Next: 39%
Magic:  3/3        EV: 13    Int: 10    God:
Gold:   21         SH:  5    Dex: 11    Spells: 2/2 levels left

rFire   . . .      SeeInvis .   a - +0 long sword
rCold   . . .      Faith    .   b - +1 buckler
rNeg    . . .      Spirit   .   (helmet restricted)
rPois   .          Reflect  .   (no amulet)
rElec   .          Harm     .   i - ring of wizardry
rCorr   .          Rampage  .   (no ring)
Will    .....                   (no ring)
Stlth   ++........              (no ring)
HPRegen 0.08/turn               (no ring)
MPRegen 0.08/turn               (no ring)
                                (no ring)
                                (no ring)

@: mighty, flying
A: almost no armour, amphibious, 8 rings, camouflage 1, gelatinous body 1,
(nimble swimmer 1), tentacles
a: no special abilities


You were on level 3 of the Dungeon.
You visited 1 branch of the dungeon, and saw 3 of its levels.

You collected 21 gold pieces.

Inventory:

Hand Weapons
 a - a +0 long sword (weapon)
Missiles
 f - 12 poisoned darts (quivered)
Armour
 b - a +1 buckler (worn)
Jewellery
 e - a ring of resist corrosion
 i - a ring of wizardry (left tentacle)
Potions
 d - a potion of attraction


   Skills:
 + Level 3.4 Fighting
 + Level 2.3 Long Blades
 + Level 3.4 Dodging
 + Level 0.8 Stealth
 + Level 3.2 Shields


You had 2 spell levels left.
You didn't know any spells.
Your spell library contained the following spells:

 Spells                   Type           Power      Damage    Failure   Level
 Summon Small Mammal      Summ           0%         N/A       16%         1
 Call Canine Familiar     Summ           0%         N/A       43%         3
 Summon Guardian Golem    Hex/Summ       0%         N/A       43%         3


Dungeon Overview and Level Annotations

Branches:
Dungeon (3/15)

Altars:
Qazlal


Innate Abilities, Weirdness & Mutations

You cannot wear most types of armour.
You are amphibious.
You can wear up to eight rings at the same time.
Your skin changes colour to match your surroundings (Stealth+).
Your rubbery body absorbs attacks. (AC +1, EV +1)
((You are camouflaged when in or above water. (Stealth+)))
You have tentacles for arms and can constrict up to eight enemies at once.


Message History

Throw: 14 darts (poison)
Press: ? - help, Q - select action Shift-Dir - straight line, f - orc
Aim: an orc, wielding a +0 war axe and wearing a +0 ring mail (60% to hit)
You throw a poisoned dart. The poisoned dart hits the orc.
The orc shouts!
The orc shouts! x2; The orc priest shouts!
The orc priest begins to cast a cantrip, but forgets the words!
Throw: 13 darts (poison)
Press: ? - help, Q - select action Shift-Dir - straight line, f/p - orc
Aim: an orc, wielding a +0 war axe and wearing a +0 ring mail (60% to hit)
You throw a poisoned dart. The poisoned dart hits the orc.
The orc is poisoned.
You hit the orc. You grab the orc.
The orc is moderately wounded.
You constrict the orc, but do no damage.
The orc struggles to escape constriction.
You release your grip on the orc.
You hit the orc but do no damage. You grab the orc.
The orc is severely wounded.
You constrict the orc, but do no damage.
The orc hits you with a +0 war axe!
You slash the orc!
You kill the orc!
You closely miss the orc. Your grab misses the orc. The orc barely misses you.
You slash the orc!
You kill the orc!
You barely miss the orc. You grab the orc.
You constrict the orc, but do no damage.
The orc hits you with a +0 dagger. The orc closely misses you.
You release your grip on the orc.
Found 15 poisoned darts and a scroll labelled TIOLEUTHUAF.
The orc priest looks braver for a moment.
It was a potion of flight.
You feel very buoyant.
You fly up into the air.
The orc hits you with a +0 dagger.
You feel very mighty all of a sudden.
The orc priest invokes the aid of Beogh against you.
Beogh smites you!
* * * LOW HITPOINT WARNING * * *
The orc hits you with a +0 dagger.
You die...

#.# #.# #.# ..# ## #.#
§# ######.#
§###......#########
§§§§.........ooo@.#
§###.....####.###.......
§# ##'#### #.# ......#
.# ##'### #o# #.###.# .#
#....# .(. .. # .#
#....#


.oo #.. ........+ ..... ... ........# ..... (?#. ####....# #.....# You could see
an orc priest and 2 orcs.

Vanquished Creatures
  A dart slug (D:1)
  2 orcs (D:3)
  A ball python (D:2)
  6 bats
  4 endoplasms
  3 giant cockroaches (D:1)
  A goblin (D:2)
  4 hobgoblins (D:1)
  A quokka (D:2)
  A frilled lizard (D:2)
  3 kobolds
  A rat (D:1)
28 creatures vanquished.

Notes
Turn   | Place    | Note
-------+----------+-------------------------------------------
     0 | D:1      | Dorkslayer the Octopode Fighter began the quest for the
                  | Orb.
     0 | D:1      | Reached XP level 1. HP: 16/16 MP: 1/1
   145 | D:1      | Reached XP level 2. HP: 18/21 MP: 2/2
   488 | D:1      | Reached XP level 3. HP: 17/26 MP: 3/3
   858 | D:2      | Found a faded altar of an unknown god.
   984 | D:2      | Found a stormy altar of Qazlal.
  1505 | D:3      | HP: 1/26 [orc priest/divine providence (11)]
  1505 | D:3      | Slain by an orc

Illustrated notes

Levels and vault maps discovered:
D:1:      saegor_arrival_simple_a, layout_basic, serial_park_tiny_2,
          corexii_leaking_fountain
D:2:      layout_loops_ring, basic_altar, basic_ecumenical_altar
D:3:      kennysheep_goblin_castle, layout_basic

Action                   || total
-------------------------++-------
Melee: Long sword        ||    47
       Constrict         ||    11
       Tentacles         ||     6
Throw: Dart              ||     2
  Use: Scroll            ||     5
       Potion            ||     2
 Stab: Sleeping          ||     3
Armor: Skin              ||     1
Dodge: Dodged            ||    25
Block: Buckler           ||    10

Table legend: (Time is in decaauts)
 A = Elapsed time spent in this place.
 B = Non-inter-level travel time spent in this place.
 C = Inter-level travel time spent in this place.
 D = Time resting spent in this place.
 E = Time spent auto-exploring this place.
 F = Levels seen in this place.
 G = Mean time per level.
                   A        B        C        D        E       F      G
               +--------+--------+--------+--------+--------+-----+--------+
         Total |   1518 |   1518 |      0 |      0 |    884 |   3 |  506.0 |
       Dungeon |   1518 |   1518 |      0 |      0 |    884 |   3 |  506.0 |
               +--------+--------+--------+--------+--------+-----+--------+

Top non-repeatable levels by time:
     D:1: 810 daAuts
     D:2: 667 daAuts
     D:3: 41 daAuts
